Get step-by-step instructions on how to execute this build order below. Start the game timer, and the build order will tick by so you can play in parallel with StarCraft on a second screen or mobile device.

Game Time

  0:00

Last Step

  N/A

Next Step

Upcoming Step



Don't want to look back and forth between 2 screens? Try out our Overwolf App, the Spawning Tool Build Advisor to get an in-game overlay with this build!

Complete Build Order

  12  0:01  Probe (Chrono Boost)  
  13  0:19  Pylon  
  13  0:22  Probe (Chrono Boost)  
  14  0:32  Probe (Chrono Boost)  
  15  0:40  Gateway  
  15  0:46  Probe (Chrono Boost)  
  16  0:50  Assimilator  
  17  0:57  Probe (Chrono Boost)  
  17  1:20  Nexus  
  17  1:29  Assimilator  
  17  1:38  Probe (Chrono Boost)  
  18  1:53  Cybernetics Core  
  18  1:55  Probe (Chrono Boost)  
  19  2:06  Probe (Chrono Boost)  
  20  2:11  Assimilator  
  20  2:17  Gateway  
  20  2:20  Pylon  
  20  2:29  Probe (Chrono Boost)  
  21  2:39  Probe (Chrono Boost)  
  22  2:48  Mothership Core (Chrono Boost)  
  22  2:50  Probe (Chrono Boost)  
  25  2:55  Warp Gate (Chrono Boost)  
  25  3:03  Probe  
  25  3:05  Adept  
  28  3:09  Probe  
  29  3:18  Probe  
  29  3:19  Pylon  
  29  3:22  Stalker  
  31  3:30  Robotics Facility  
  31  3:36  Probe  
  31  3:37  Probe  
  31  3:40  Pylon  
  33  3:47  Probe  
  33  3:49  Probe  
  33  3:52  Assimilator  
  35  4:00  Probe  
  35  4:01  Probe  
  37  4:04  Stalker x2  
  41  4:10  Probe  
  42  4:19  Observer  
  43  4:24  Probe  
  43  4:26  Probe  
  44  4:35  Twilight Council  
  44  4:40  Forge  
  44  4:45  Probe, Immortal  
  48  4:46  Probe  
  50  4:58  Probe  
  51  5:04  Gateway  
  51  5:06  Gateway  
  51  5:07  Probe  
  51  5:10  Probe  
  51  5:12  Stalker  
  55  5:15  Stalker  
  55  5:18  Probe  
  58  5:22  Probe  
  58  5:28  Probe  
  59  5:35  Probe  
  61  5:39  Probe  
  62  5:54  Pylon  
  62  5:57  Pylon  
  62  6:02  Pylon, Assimilator  
  62  6:07  Pylon  
  62  6:10  Probe  
  62  6:11  Warp Prism  
  62  6:12  Probe  
  66  6:24  Probe  
  67  6:29  Probe  
  68  6:35  Protoss Ground Weapons Level 1  
  68  6:36  Probe  
  69  6:44  Stalker x4  
  73  6:48  Blink (Chrono Boost)  
  73  7:02  Immortal  
  77  7:13  Gateway  
  77  7:15  Gateway  
  77  7:23  Pylon  
  77  7:24  Stalker x2  
  77  7:25  Stalker x2  
  85  7:30  Robotics Facility  
  85  7:39  Nexus  
  85  7:44  Pylon  
  85  7:48  Photon Cannon, Pylon  
  85  7:52  Assimilator  
  85  7:53  Immortal  
  85  7:54  Probe x2  
  91  8:06  Probe  
  91  8:09  Pylon  
  92  8:18  Probe x2, Gateway  
  92  8:41  Stalker x5  
  96  8:42  Stalker